[Event "Int SVK-ch Open 2020"]
[Site "Drienica"]
[Date "2020.08.07"]
[Round "1.13"]
[White "Tegda, Michal"]
[Black "Priechodsky, Radovan"]
[Result "0-1"]
[ECO "B00"]
[WhiteElo "1496"]
[BlackElo "1975"]
[Annotator "ChessBase"]
[PlyCount "72"]
[EventDate "2020.08.07"]
[EventType "swiss"]
[EventCountry "SVK"]
[SourceTitle "playchess.com"]
[Source "ChessBase"]
[SourceQuality "1"]
[TimeControl "40/5400+30:1800+30"]

1. e4 b6 2. Nc3 e6 3. d4 Bb7 4. Nf3 Bb4 5. Qd3 Nf6 6. e5 Ne4 7. a3 Bxc3+ 8. bxc3 d5 9. c4 Ba6 10. Qb3 O-O 11. Nd2 Qh4 12. g3 Nxd2 13. gxh4 Nxb3 14. cxb3 Nd7 15. h5 c5 16. Be3 cxd4 17. Bxd4 dxc4 18. bxc4 Rac8 19. Rc1 h6 20. Rg1 Kh8 21. Rc3 Nc5 22. Rg4 Rcd8 23. Kd2 Rd7 24. Ke3 Rfd8 25. Bxc5 bxc5 26. Be2 Rd4 27. Rc2 Rxg4 28. Bxg4 Rd4 29. Be2 f5 30. f4 Kg8 31. h3 Kf7 32. Rc1 Re4+ 33. Kf3 Rd4 34. Ke3 Re4+ 35. Kf3 Bb7 36. Rc2 Rxc4+ 0-1

[Event "Int SVK-ch Open 2020"]
[Site "Drienica"]
[Date "2020.08.07"]
[Round "1.14"]
[White "Demeter Peter"]
[Black "Walterova Ema"]
[Result "1/2-1/2"]
[ECO "A31"]
[WhiteElo "2139"]
[BlackElo "1790"]
[Annotator "ChessBase"]
[PlyCount "68"]
[EventDate "2020.08.07"]
[EventType "swiss"]
[EventCountry "SVK"]
[SourceTitle "playchess.com"]
[Source "ChessBase"]
[SourceQuality "1"]
[TimeControl "40/5400+30:1800+30"]

1. c4 c5 2. Nf3 g6 3. Nc3 Bg7 4. d4 cxd4 5. Nxd4 Nf6 6. e4 d6 7. Be2 O-O 8. O-O Nbd7 9. Be3 Nc5 10. f3 b6 11. Qd2 Bb7 12. Rac1 Qd7 13. Rfd1 Rfd8 14. Bg5 Ne6 15. Nxe6 Qxe6 16. Nd5 Rac8 17. b3 Rc6 18. Bf1 Rc5 19. Be3 Rcc8 20. a4 Nxd5 21. cxd5 Qe5 22. Bc4 Rd7 23. a5 bxa5 24. Qxa5 a6 25. Bf1 Rxc1 26. Rxc1 f5 27. Qa4 Rd8 28. Qb4 Ba8 29. Bf2 Qf4 30. Rc4 Be5 31. Bg3 Qe3+ 32. Kh1 Bxg3 33. hxg3 Qh6+ 34. Kg1 Qe3+ 1/2-1/2

[Event "Int SVK-ch Open 2020"]
[Site "Drienica"]
[Date "2020.08.07"]
[Round "1.15"]
[White "Soldan Jan"]
[Black "Kravec Patrik"]
[Result "0-1"]
[ECO "B56"]
[WhiteElo "1783"]
[BlackElo "2119"]
[Annotator "ChessBase"]
[PlyCount "58"]
[EventDate "2020.08.07"]
[EventType "swiss"]
[EventCountry "SVK"]
[SourceTitle "playchess.com"]
[Source "ChessBase"]
[SourceQuality "1"]
[TimeControl "40/5400+30:1800+30"]

1. e4 c5 2. Nf3 Nc6 3. d4 cxd4 4. Nxd4 Nf6 5. Nc3 d6 6. Be3 Bd7 7. Bd3 Ng4 8. O-O Nxe3 9. fxe3 Ne5 10. Nf3 Ng4 11. Qd2 e6 12. h3 Nf6 13. e5 dxe5 14. Nxe5 Bc6 15. Nxc6 bxc6 16. Rf3 Be7 17. Raf1 O-O 18. Qf2 Rb8 19. a3 Rxb2 20. Qh4 h6 21. Rg3 Kh8 22. Rxf6 Bxf6 23. Qe4 g6 24. Rxg6 fxg6 25. Qxg6 Qe7 26. Qxh6+ Kg8 27. Ne4 Qg7 28. Nxf6+ Rxf6 29. Bh7+ Kf8 0-1

[Event "Int SVK-ch Open 2020"]
[Site "Drienica"]
[Date "2020.08.07"]
[Round "1.15"]
[White "Ihnat, Marek"]
[Black "Majek, Kacper"]
[Result "0-1"]
[ECO "C91"]
[WhiteElo "1490"]
[BlackElo "1970"]
[Annotator "ChessBase"]
[PlyCount "66"]
[EventDate "2020.08.07"]
[EventType "swiss"]
[EventCountry "SVK"]
[SourceTitle "playchess.com"]
[Source "ChessBase"]
[SourceQuality "1"]
[TimeControl "40/5400+30:1800+30"]

1. e4 e5 2. Nf3 Nc6 3. Bb5 a6 4. Ba4 Nf6 5. O-O Be7 6. Re1 b5 7. Bb3 O-O 8. c3 d6 9. d4 Bg4 10. Bc2 Bxf3 11. gxf3 Nh5 12. Kh1 Bg5 13. Be3 Bf4 14. Rg1 Qh4 15. Bxf4 Nxf4 16. d5 Nh3 17. Rg2 Ne7 18. Qe1 f5 19. Nd2 Nf4 20. Rg3 Rf6 21. Qg1 Nh5 22. Rg2 Qf4 23. Rd1 Kh8 24. exf5 Nxf5 25. Rg4 Qh6 26. Ne4 Rff8 27. Ng5 Nf4 28. Bxf5 Rxf5 29. Qg3 Raf8 30. Rd2 Rxg5 31. Rxg5 Nh3 32. Rxg7 Qxd2 33. Qxh3 Kxg7 0-1

[Event "Int SVK-ch Open 2020"]
[Site "Drienica"]
[Date "2020.08.07"]
[Round "1.16"]
[White "Verbovsky Michal"]
[Black "Elias David"]
[Result "1-0"]
[ECO "A08"]
[WhiteElo "2113"]
[BlackElo "1781"]
[Annotator "ChessBase"]
[PlyCount "110"]
[EventDate "2020.08.07"]
[EventType "swiss"]
[EventCountry "SVK"]
[SourceTitle "playchess.com"]
[Source "ChessBase"]
[SourceQuality "1"]
[TimeControl "40/5400+30:1800+30"]

1. Nf3 c5 2. g3 d5 3. Bg2 Nc6 4. O-O e5 5. d3 Nf6 6. Bg5 Be7 7. Nbd2 Be6 8. c3 O-O 9. Bxf6 Bxf6 10. Qc2 Qd7 11. Rfe1 Rfd8 12. Rad1 Rac8 13. h4 h6 14. a4 a6 15. e4 d4 16. Nc4 Qc7 17. Na3 dxc3 18. bxc3 Na5 19. c4 Nc6 20. Qc3 Nd4 21. Nxd4 cxd4 22. Qb3 Bd7 23. Nc2 Qc6 24. a5 Qa4 25. Qxa4 Bxa4 26. Rd2 Rc5 27. Ra1 Bxc2 28. Rxc2 Rd7 29. Bh3 Rdc7 30. Rb2 Kf8 31. Kg2 Bd8 32. Bg4 Re7 33. Rba2 g6 34. Bh3 f6 35. Kf3 Rf7 36. Be6 Re7 37. Bd5 f5 38. Ra4 Ke8 39. h5 fxe4+ 40. Kxe4 gxh5 41. Kf5 Kf8 42. Kg6 h4 43. gxh4 Rg7+ 44. Kh5 Rh7 45. R4a2 Rg7 46. Ra4 Rh7 47. R4a3 Rg7 48. R3a2 Rh7 49. Kg6 Rg7+ 50. Kh5 Rh7 51. Kg6 Rg7+ 52. Kf5 Re7 53. Rg1 Rg7 54. Rga1 Re7 55. h5 Rg7 1-0

[Event "Int SVK-ch Open 2020"]
[Site "Drienica"]
[Date "2020.08.07"]
[Round "1.16"]
[White "Svobodova, Michaela"]
[Black "Gulas, Gabriel"]
[Result "1-0"]
[ECO "C10"]
[WhiteElo "1964"]
[BlackElo "1472"]
[Annotator "ChessBase"]
[PlyCount "59"]
[EventDate "2020.08.07"]
[EventType "swiss"]
[EventCountry "SVK"]
[SourceTitle "playchess.com"]
[Source "ChessBase"]
[SourceQuality "1"]
[TimeControl "40/5400+30:1800+30"]

1. e4 e6 2. d4 d5 3. Nc3 dxe4 4. Nxe4 Bd7 5. Nf3 Bc6 6. Ned2 Nd7 7. Bd3 Ngf6 8. O-O Be7 9. Nc4 b6 10. Nce5 Nxe5 11. Nxe5 Bb7 12. Bb5+ Kf8 13. Nc6 Qd6 14. Nxe7 Kxe7 15. a4 Rhd8 16. c3 Kf8 17. b3 Kg8 18. Re1 c5 19. Be3 Nd5 20. Qg4 Nxc3 21. Bg5 Qxd4 22. Qh3 Rd6 23. Bc4 Bd5 24. Be3 Qf6 25. Qg3 Rd7 26. Rac1 Bxc4 27. bxc4 Rad8 28. Bg5 Ne2+ 29. Rxe2 Rd1+ 30. Re1 1-0

[Event "Int SVK-ch Open 2020"]
[Site "Drienica"]
[Date "2020.08.07"]
[Round "1.17"]
[White "Tomcikova Zuzana"]
[Black "Ferkova Dominika"]
[Result "1/2-1/2"]
[ECO "B19"]
[WhiteElo "1776"]
[BlackElo "2111"]
[Annotator "ChessBase"]
[PlyCount "91"]
[EventDate "2020.08.07"]
[EventType "swiss"]
[EventCountry "SVK"]
[SourceTitle "playchess.com"]
[Source "ChessBase"]
[SourceQuality "1"]
[TimeControl "40/5400+30:1800+30"]

1. e4 c6 2. d4 d5 3. Nc3 dxe4 4. Nxe4 Bf5 5. Ng3 Bg6 6. h4 h6 7. h5 Bh7 8. Nf3 e6 9. Bd3 Bxd3 10. Qxd3 Nf6 11. Bd2 Nbd7 12. O-O-O Be7 13. Ne4 Nxe4 14. Qxe4 Nf6 15. Qe2 Qd5 16. c4 Qe4 17. Qxe4 Nxe4 18. Be3 f5 19. g3 Bg5 20. Bxg5 hxg5 21. Rh2 Rd8 22. Ne5 Nf6 23. Nf3 Ng4 24. Rg2 Rxh5 25. Re1 Kf7 26. Re2 Nf6 27. Rg1 g4 28. Ne5+ Kg8 29. Rd1 Rh2 30. a3 g5 31. a4 Rg2 32. a5 a6 33. c5 f4 34. gxf4 gxf4 35. Ng6 f3 36. Rxe6 Kf7 37. Nf4 Rxf2 38. Re5 g3 39. Nh3 Rxd4 40. Rxd4 Rf1+ 41. Rd1 Rxd1+ 42. Kxd1 f2 43. Nxf2 gxf2 44. Rf5 Ke6 45. Rxf2 Ne4 46. Rc2 1/2-1/2

[Event "Int SVK-ch Open 2020"]
[Site "Drienica"]
[Date "2020.08.07"]
[Round "1.17"]
[White "Kulich, Filip"]
[Black "Tomcik, Milan"]
[Result "0-1"]
[ECO "B12"]
[WhiteElo "1397"]
[BlackElo "1963"]
[Annotator "ChessBase"]
[PlyCount "101"]
[EventDate "2020.08.07"]
[EventType "swiss"]
[EventCountry "SVK"]
[SourceTitle "playchess.com"]
[Source "ChessBase"]
[SourceQuality "1"]
[TimeControl "40/5400+30:1800+30"]

1. e4 c6 2. d4 d5 3. e5 c5 4. c3 Nc6 5. Nf3 Bg4 6. Be2 e6 7. O-O Nge7 8. Bg5 h6 9. Bh4 Qb6 10. Nbd2 Nf5 11. Bg3 cxd4 12. cxd4 Bxf3 13. Nxf3 Nfxd4 14. Nxd4 Nxd4 15. Bd3 Nc6 16. Qa4 Qb4 17. Qc2 Be7 18. Rac1 O-O 19. a3 Qb6 20. Qd2 Bg5 21. Bf4 Nxe5 22. Bxg5 hxg5 23. Bc2 f6 24. Qe2 g6 25. Kh1 Kg7 26. f4 gxf4 27. Rxf4 Qd6 28. Rcf1 f5 29. Qd2 Ng4 30. h3 Nf6 31. Qf2 Ne4 32. Bxe4 dxe4 33. Qe3 Rfd8 34. Qg3 Rh8 35. Qf2 Qb6 36. Qe2 Rad8 37. Qc4 Rc8 38. Qa4 Rhd8 39. b4 Rd3 40. b5 Qc5 41. Qa5 Qxa3 42. Qe1 Rh8 43. Rh4 Rxh4 44. Qxh4 Qd6 45. Qe1 a6 46. bxa6 bxa6 47. Qa1+ e5 48. Rb1 e3 49. Rb7+ Kf6 50. Rb1 e2 51. Qxe5+ 0-1

[Event "Int SVK-ch Open 2020"]
[Site "Drienica"]
[Date "2020.08.07"]
[Round "1.18"]
[White "Buran Jaroslav"]
[Black "Kukan Michal"]
[Result "1-0"]
[ECO "B30"]
[WhiteElo "2098"]
[BlackElo "1775"]
[Annotator "ChessBase"]
[PlyCount "37"]
[EventDate "2020.08.07"]
[EventType "swiss"]
[EventCountry "SVK"]
[SourceTitle "playchess.com"]
[Source "ChessBase"]
[SourceQuality "1"]
[TimeControl "40/5400+30:1800+30"]

1. e4 c5 2. Nf3 Nc6 3. Bb5 Nd4 4. Bc4 e6 5. c3 Nxf3+ 6. Qxf3 Ne7 7. O-O d5 8. exd5 exd5 9. Bb5+ Nc6 10. Re1+ Be6 11. c4 Be7 12. Nc3 d4 13. Bxc6+ bxc6 14. Qxc6+ Bd7 15. Rxe7+ Kxe7 16. Nd5+ Ke8 17. Nc7+ Kf8 18. Qxa8 Qxa8 19. Nxa8 1-0

[Event "Int SVK-ch Open 2020"]
[Site "Drienica"]
[Date "2020.08.07"]
[Round "1.18"]
[White "Panko, Eduard"]
[Black "Sosovickova, Martina"]
[Result "1-0"]
[ECO "C44"]
[WhiteElo "1958"]
[BlackElo "1362"]
[Annotator "ChessBase"]
[PlyCount "75"]
[EventDate "2020.08.07"]
[EventType "swiss"]
[EventCountry "SVK"]
[SourceTitle "playchess.com"]
[Source "ChessBase"]
[SourceQuality "1"]
[TimeControl "40/5400+30:1800+30"]

1. e4 e5 2. Nf3 Nc6 3. d4 exd4 4. Bc4 Bc5 5. c3 dxc3 6. Bxf7+ Kxf7 7. Qd5+ Ke8 8. Qh5+ Kf8 9. Qxc5+ Qe7 10. Qf5+ Qf6 11. Nxc3 Qxf5 12. exf5 Nf6 13. Bg5 d6 14. Bxf6 gxf6 15. Nd5 Bxf5 16. Nxc7 Rc8 17. Nb5 Re8+ 18. Kd2 Rd8 19. Nbd4 Bd7 20. Rac1 Kf7 21. a3 Rhe8 22. Rhe1 Kg6 23. b4 a6 24. Rxe8 Rxe8 25. Rc3 Re4 26. Rd3 Nxd4 27. Nxd4 Re5 28. g3 Rd5 29. Kc3 Bc6 30. h4 h5 31. f4 Bb5 32. Re3 Kf7 33. Re1 Bc6 34. Kc4 b5+ 35. Kd3 Bb7 36. Rc1 Kg6 37. Rc7 Ba8 38. Ke3 1-0

[Event "Int SVK-ch Open 2020"]
[Site "Drienica"]
[Date "2020.08.07"]
[Round "1.19"]
[White "Steiniger, Florian"]
[Black "Magda, Filip"]
[Result "1-0"]
[ECO "B20"]
[WhiteElo "1951"]
[BlackElo "1266"]
[Annotator "ChessBase"]
[PlyCount "79"]
[EventDate "2020.08.07"]
[EventType "swiss"]
[EventCountry "SVK"]
[SourceTitle "playchess.com"]
[Source "ChessBase"]
[SourceQuality "1"]
[TimeControl "40/5400+30:1800+30"]

1. e4 c5 2. c4 Nc6 3. Nc3 g6 4. d3 Bg7 5. Nge2 d6 6. g3 Nf6 7. Bg2 O-O 8. O-O Bd7 9. h3 a6 10. Be3 Rb8 11. Qd2 b5 12. Rab1 bxc4 13. dxc4 Ne5 14. b3 Bxh3 15. f4 Bxg2 16. fxe5 Bxf1 17. exf6 Bxf6 18. Rxf1 Qd7 19. Nd5 Bg7 20. Bh6 Rb7 21. Rf2 Qg4 22. Rh2 f6 23. Rh4 Qe6 24. Bxg7 Kxg7 25. Qh6+ Kf7 26. Qxh7+ Ke8 27. Qxg6+ Kd8 28. Qf5 Qf7 29. Nef4 Rg8 30. Ne6+ Ke8 31. Ndc7+ Rxc7 32. Nxc7+ Kd8 33. Ne6+ Ke8 34. Kf2 a5 35. Nf4 Kd8 36. Rh7 Qe8 37. Ne6+ Kc8 38. Ng7+ Qd7 39. Qd5 Rd8 40. Ne6 1-0

[Event "Int SVK-ch Open 2020"]
[Site "Drienica"]
[Date "2020.08.07"]
[Round "1.19"]
[White "Sevcik Lubomir"]
[Black "Frink Ferenc"]
[Result "0-1"]
[ECO "E10"]
[WhiteElo "1748"]
[BlackElo "2079"]
[Annotator "ChessBase"]
[PlyCount "80"]
[EventDate "2020.08.07"]
[EventType "swiss"]
[EventCountry "SVK"]
[SourceTitle "playchess.com"]
[Source "ChessBase"]
[SourceQuality "1"]
[TimeControl "40/5400+30:1800+30"]

1. d4 Nf6 2. c4 Nc6 3. Nf3 e6 4. Nc3 d6 5. e4 Bd7 6. Bd3 e5 7. d5 Ne7 8. h3 Ng6 9. Bg5 Be7 10. O-O O-O 11. Nh4 Nxd5 12. Nxg6 fxg6 13. Bxe7 Nxe7 14. Nd5 c6 15. Nxe7+ Qxe7 16. Be2 Rf4 17. Qd3 Raf8 18. Rad1 R4f6 19. c5 d5 20. exd5 Qxc5 21. Bf3 Bf5 22. Qc3 Qe7 23. dxc6 e4 24. Qc4+ Kh8 25. Rfe1 Rxc6 26. Qd5 Re6 27. Bg4 e3 28. f3 h6 29. Qd4 b6 30. Re2 Re8 31. Qa4 a5 32. Rd7 Qf6 33. Rb7 R6e7 34. Bxf5 gxf5 35. Qb5 Re6 36. Rxb6 Rc8 37. Rxe6 Qxe6 38. b3 Rc1+ 39. Kh2 Qd6+ 40. g3 Qd1 0-1

[Event "Int SVK-ch Open 2020"]
[Site "Drienica"]
[Date "2020.08.07"]
[Round "1.20"]
[White "Stevik Patrik"]
[Black "Socko Weronika"]
[Result "1-0"]
[ECO "A03"]
[WhiteElo "2076"]
[BlackElo "1741"]
[Annotator "ChessBase"]
[PlyCount "63"]
[EventDate "2020.08.07"]
[EventType "swiss"]
[EventCountry "SVK"]
[SourceTitle "playchess.com"]
[Source "ChessBase"]
[SourceQuality "1"]
[TimeControl "40/5400+30:1800+30"]

1. b3 d5 2. Bb2 Nf6 3. e3 e6 4. f4 c5 5. Nf3 Nc6 6. Bb5 Bd7 7. O-O Be7 8. d3 a6 9. Bxc6 Bxc6 10. Ne5 d4 11. e4 Qc7 12. Nd2 O-O 13. Qe1 Nh5 14. g3 Be8 15. Qf2 g5 16. c3 f6 17. Ng4 e5 18. Nh6+ Kh8 19. fxe5 fxe5 20. Qe2 Bg6 21. cxd4 exd4 22. Rac1 Qd7 23. Nc4 Bf6 24. Nb6 Qg7 25. Nf5 Qc7 26. Nxa8 Rxa8 27. Bxd4 Bxd4+ 28. Nxd4 Nxg3 29. hxg3 Qxg3+ 30. Qg2 Qxd3 31. Nf5 Re8 32. Qb2+ 1-0

[Event "Int SVK-ch Open 2020"]
[Site "Drienica"]
[Date "2020.08.07"]
[Round "1.20"]
[White "Magda, Juraj"]
[Black "Dujava, Daniel"]
[Result "0-1"]
[ECO "C01"]
[WhiteElo "1261"]
[BlackElo "1942"]
[Annotator "ChessBase"]
[PlyCount "42"]
[EventDate "2020.08.07"]
[EventType "swiss"]
[EventCountry "SVK"]
[SourceTitle "playchess.com"]
[Source "ChessBase"]
[SourceQuality "1"]
[TimeControl "40/5400+30:1800+30"]

1. e4 e6 2. d4 d5 3. exd5 exd5 4. Nf3 Bd6 5. Nc3 Ne7 6. Be2 O-O 7. Bg5 c6 8. Qd2 Re8 9. O-O-O b5 10. h4 a5 11. Rdg1 a4 12. a3 b4 13. axb4 Bxb4 14. h5 a3 15. Qd3 axb2+ 16. Kxb2 Ba3+ 17. Ka1 Qa5 18. Na2 Ba6 19. Qe3 Bxe2 20. h6 Bd6 21. Qb3 Bc4 0-1

[Event "Int SVK-ch Open 2020"]
[Site "Drienica"]
[Date "2020.08.07"]
[Round "1.21"]
[White "Antal, Jakub"]
[Black "Kubikova, Nina"]
[Result "1-0"]
[ECO "C44"]
[WhiteElo "1939"]
[BlackElo "1256"]
[Annotator "ChessBase"]
[PlyCount "39"]
[EventDate "2020.08.07"]
[EventType "swiss"]
[EventCountry "SVK"]
[SourceTitle "playchess.com"]
[Source "ChessBase"]
[SourceQuality "1"]
[TimeControl "40/5400+30:1800+30"]

1. e4 e5 2. Nf3 Nc6 3. c4 Nf6 4. Nc3 Bc5 5. Nxe5 Nxe5 6. d4 Bxd4 7. Qxd4 Nc6 8. Qd1 O-O 9. Bd3 d6 10. Bg5 Re8 11. O-O h6 12. Bh4 Ne5 13. f4 Nxd3 14. Qxd3 b6 15. Rae1 Ba6 16. Rf3 Qd7 17. Bxf6 gxf6 18. Nd5 Qd8 19. Rg3+ Kh8 20. Rh3 1-0

[Event "Int SVK-ch Open 2020"]
[Site "Drienica"]
[Date "2020.08.07"]
[Round "1.21"]
[White "Bochnickova Simona"]
[Black "Ondo Tomas"]
[Result "0-1"]
[ECO "C48"]
[WhiteElo "1734"]
[BlackElo "2065"]
[Annotator "ChessBase"]
[PlyCount "49"]
[EventDate "2020.08.07"]
[EventType "swiss"]
[EventCountry "SVK"]
[SourceTitle "playchess.com"]
[Source "ChessBase"]
[SourceQuality "1"]
[TimeControl "40/5400+30:1800+30"]

1. e4 e5 2. Nf3 Nc6 3. Nc3 Nf6 4. Bb5 Nd4 5. Nxd4 exd4 6. e5 dxc3 7. exf6 Qxf6 8. dxc3 Bc5 9. O-O O-O 10. Bxd7 Bxd7 11. Qxd7 Rad8 12. Qg4 Rfe8 13. Bg5 Qg6 14. h4 h6 15. Qc4 hxg5 16. Qxc5 gxh4 17. Qxc7 h3 18. Qh2 hxg2 19. Qxg2 Qxc2 20. Qxb7 Rd6 21. Rfe1 Rg6+ 22. Kh1 Rxe1+ 23. Rxe1 Qxf2 24. Qa8+ Kh7 25. Qe4 0-1

[Event "Int SVK-ch Open 2020"]
[Site "Drienica"]
[Date "2020.08.07"]
[Round "1.22"]
[White "Brnusak Tomas"]
[Black "Furman Slavomir"]
[Result "1-0"]
[ECO "D10"]
[WhiteElo "2064"]
[BlackElo "1725"]
[Annotator "ChessBase"]
[PlyCount "47"]
[EventDate "2020.08.07"]
[EventType "swiss"]
[EventCountry "SVK"]
[SourceTitle "playchess.com"]
[Source "ChessBase"]
[SourceQuality "1"]
[TimeControl "40/5400+30:1800+30"]

1. d4 d5 2. c4 c6 3. cxd5 cxd5 4. Bg5 Qb6 5. Nc3 e6 6. Rc1 Nd7 7. e3 a6 8. Qc2 Be7 9. Nxd5 exd5 10. Qxc8+ Rxc8 11. Rxc8+ Qd8 12. Rxd8+ Bxd8 13. Bxd8 Kxd8 14. Bd3 Ne7 15. Ne2 Nf6 16. f3 Re8 17. Kd2 Nc6 18. g4 h6 19. h4 Nd7 20. g5 Rh8 21. g6 fxg6 22. Nf4 Ne7 23. Bxg6 Rf8 24. Ne6+ 1-0

[Event "Int SVK-ch Open 2020"]
[Site "Drienica"]
[Date "2020.08.07"]
[Round "1.22"]
[White "Horbalova, Ivana"]
[Black "Hlavac, Peter"]
[Result "0-1"]
[ECO "A60"]
[WhiteElo "1311"]
[BlackElo "1952"]
[Annotator "ChessBase"]
[PlyCount "78"]
[EventDate "2020.08.07"]
[EventType "swiss"]
[EventCountry "SVK"]
[SourceTitle "playchess.com"]
[Source "ChessBase"]
[SourceQuality "1"]
[TimeControl "40/5400+30:1800+30"]

1. d4 Nf6 2. c4 c5 3. d5 e6 4. Nc3 exd5 5. cxd5 a6 6. e4 d6 7. f3 b5 8. Bxb5+ axb5 9. Nxb5 Qa5+ 10. Nc3 Nbd7 11. Nge2 Ba6 12. O-O Be7 13. Rf2 O-O 14. Ng3 Rfe8 15. Bd2 Ne5 16. Nce2 Qb6 17. b3 Nd3 18. Qf1 c4 19. Nf5 Qxf2+ 20. Qxf2 Nxf2 21. Kxf2 Bf8 22. Neg3 cxb3 23. axb3 Reb8 24. b4 g6 25. Nd4 Bg7 26. Bc3 Nd7 27. Ke3 Rc8 28. Rc1 Bxd4+ 29. Kxd4 Rc4+ 30. Ke3 Rac8 31. Kd2 Nb6 32. Ne2 Na4 33. e5 Nxc3 34. Rxc3 dxe5 35. g3 Rxb4 36. Rxc8+ Bxc8 37. Kc3 Rb5 38. Kc4 Rb2 39. Nc1 Rc2+ 0-1

[Event "Int SVK-ch Open 2020"]
[Site "Drienica"]
[Date "2020.08.07"]
[Round "1.23"]
[White "Paluska Karol"]
[Black "Ihnat Marek"]
[Result "0-1"]
[ECO "D77"]
[WhiteElo "1723"]
[BlackElo "2046"]
[Annotator "ChessBase"]
[PlyCount "72"]
[EventDate "2020.08.07"]
[EventType "swiss"]
[EventCountry "SVK"]
[SourceTitle "playchess.com"]
[Source "ChessBase"]
[SourceQuality "1"]
[TimeControl "40/5400+30:1800+30"]

1. Nf3 Nf6 2. g3 d5 3. d4 g6 4. Bg2 Bg7 5. O-O O-O 6. c4 dxc4 7. Ne5 c5 8. dxc5 Qc7 9. Nxc4 Qxc5 10. Qb3 Nc6 11. Be3 Qh5 12. Nbd2 Ng4 13. h4 Nxe3 14. Qxe3 Be6 15. Rac1 Bh6 16. f4 Qb5 17. b3 Rfd8 18. Nf3 Bg7 19. Qf2 Rac8 20. Kh2 Nd4 21. Nfd2 b6 22. e3 Nf5 23. g4 Nh6 24. Bf3 Nxg4+ 25. Bxg4 Bxg4 26. Rg1 Qh5 27. Ne4 h6 28. Qg3 Bf5 29. Ncd2 Rxc1 30. Rxc1 Qe2+ 31. Qg2 Qxe3 32. Rf1 Bxe4 33. Nxe4 f5 34. Qxg6 Qxe4 35. Rg1 Rd2+ 36. Kh3 Qf3+ 0-1

[Event "Int SVK-ch Open 2020"]
[Site "Drienica"]
[Date "2020.08.07"]
[Round "1.24"]
[White "Brhel Jan"]
[Black "Malinovsky Jozef"]
[Result "1-0"]
[ECO "E90"]
[WhiteElo "2042"]
[BlackElo "1706"]
[Annotator "ChessBase"]
[PlyCount "69"]
[EventDate "2020.08.07"]
[EventType "swiss"]
[EventCountry "SVK"]
[SourceTitle "playchess.com"]
[Source "ChessBase"]
[SourceQuality "1"]
[TimeControl "40/5400+30:1800+30"]

1. d4 Nf6 2. Nf3 g6 3. c4 Bg7 4. Nc3 c6 5. e4 d6 6. h3 a6 7. a4 O-O 8. Be2 c5 9. dxc5 dxc5 10. O-O Nc6 11. Be3 Qxd1 12. Rfxd1 Nd7 13. a5 e5 14. Rd6 Nd4 15. Rd1 Re8 16. Kf1 Bf8 17. Rd5 f6 18. Nh4 Nb8 19. Bg4 Nbc6 20. Na4 Bxg4 21. hxg4 Nxa5 22. Nb6 Rad8 23. b4 Nab3 24. Nd7 cxb4 25. Nxf6+ Kf7 26. Nxe8 Rxe8 27. Nf3 Nxf3 28. gxf3 Bg7 29. Rb1 Nd4 30. Rd7+ Re7 31. Rxe7+ Kxe7 32. Bxd4 exd4 33. Rxb4 a5 34. Rxb7+ Kf8 35. Ra7 1-0

[Event "Int SVK-ch Open 2020"]
[Site "Drienica"]
[Date "2020.08.07"]
[Round "1.24"]
[White "Magdova, Lucia"]
[Black "Durica, Daniel"]
[Result "0-1"]
[ECO "B01"]
[WhiteElo "1046"]
[BlackElo "1937"]
[Annotator "ChessBase"]
[PlyCount "30"]
[EventDate "2020.08.07"]
[EventType "swiss"]
[EventCountry "SVK"]
[SourceTitle "playchess.com"]
[Source "ChessBase"]
[SourceQuality "1"]
[TimeControl "40/5400+30:1800+30"]

1. e4 d5 2. exd5 e6 3. dxe6 Bxe6 4. Bb5+ Nc6 5. Nf3 Nf6 6. O-O Bd6 7. Nc3 Qd7 8. d3 O-O-O 9. Bg5 Bg4 10. h3 Bxh3 11. gxh3 Qxh3 12. Re1 Ng4 13. Ne2 Bh2+ 14. Nxh2 Qxh2+ 15. Kf1 Qxf2# 0-1

[Event "Int SVK-ch Open 2020"]
[Site "Drienica"]
[Date "2020.08.07"]
[Round "1.25"]
[White "Mandak, Miroslav"]
[Black "Sevcik, Ondrej"]
[Result "1-0"]
[ECO "C30"]
[WhiteElo "1927"]
[BlackElo "1017"]
[Annotator "ChessBase"]
[PlyCount "23"]
[EventDate "2020.08.07"]
[EventType "swiss"]
[EventCountry "SVK"]
[SourceTitle "playchess.com"]
[Source "ChessBase"]
[SourceQuality "1"]
[TimeControl "40/5400+30:1800+30"]

1. e4 e5 2. f4 f6 3. fxe5 fxe5 4. Qh5+ g6 5. Qxe5+ Qe7 6. Qxh8 Qxe4+ 7. Ne2 Qe6 8. Qc3 Nc6 9. Qe3 Bh6 10. Qxe6+ dxe6 11. g3 Bd7 12. Bg2 1-0

[Event "Int SVK-ch Open 2020"]
[Site "Drienica"]
[Date "2020.08.07"]
[Round "1.25"]
[White "Striskova Lucia"]
[Black "Kardis Benjamin"]
[Result "1-0"]
[ECO "B15"]
[WhiteElo "1706"]
[BlackElo "2042"]
[Annotator "ChessBase"]
[PlyCount "157"]
[EventDate "2020.08.07"]
[EventType "swiss"]
[EventCountry "SVK"]
[SourceTitle "playchess.com"]
[Source "ChessBase"]
[SourceQuality "1"]
[TimeControl "40/5400+30:1800+30"]

1. e4 c6 2. Nc3 d5 3. Nf3 dxe4 4. Nxe4 Nf6 5. Nxf6+ exf6 6. Bc4 Bd6 7. O-O O-O 8. d4 Na6 9. Bb3 Bg4 10. c3 Nc7 11. Qd3 Nd5 12. Bc2 g6 13. Nh4 f5 14. Nf3 Nf4 15. Bxf4 Bxf4 16. Ne5 Bh5 17. Rfe1 f6 18. Bb3+ Kg7 19. Nc4 Re8 20. Ne3 Bc7 21. Qc4 Qd7 22. f3 Re7 23. Re2 Qd6 24. Kf2 f4 25. Nc2 Rxe2+ 26. Qxe2 g5 27. Re1 Re8 28. Qc4 Rxe1 29. Nxe1 f5 30. Qg8+ Kh6 31. Qe6+ Bg6 32. Nd3 Kg7 33. Qg8+ Kh6 34. Ne5 Qf6 35. Nd7 Qd6 36. Qf8+ Qxf8 37. Nxf8 Bd6 38. Ne6 b5 39. Nd8 Be8 40. Bf7 Bd7 41. Be6 Bxe6 42. Nxe6 Be7 43. b4 Kg6 44. h4 h6 45. hxg5 hxg5 46. Ke2 Kf7 47. Nc7 Bd6 48. Na6 Ke6 49. Kd3 Kd5 50. Kd2 Kc4 51. Kc2 Kd5 52. Kd3 Bf8 53. Kd2 Bd6 54. Kc2 Kc4 55. Kd2 Kd5 56. Kd3 Bf8 57. Nb8 Kd6 58. c4 Kc7 59. Na6+ Kd6 60. Kc3 Bg7 61. Nc5 Bf6 62. Nd3 Bg7 63. Nc1 Bf6 64. Ne2 Bd8 65. Kb3 Bf6 66. a4 bxc4+ 67. Kxc4 Bd8 68. Nc1 Bf6 69. Nd3 Bg7 70. a5 Bf6 71. Ne5 Kc7 72. Nf7 Be7 73. b5 Bf6 74. Ne5 cxb5+ 75. Kxb5 Kb7 76. a6+ Kc7 77. Nc6 Bg7 78. d5 Kd6 79. Nxa7 1-0

[Event "Int SVK-ch Open 2020"]
[Site "Drienica"]
[Date "2020.08.08"]
[Round "2.1"]
[White "Bures Jaroslav"]
[Black "Panko, Eduard"]
[Result "1-0"]
[ECO "B06"]
[WhiteElo "2396"]
[BlackElo "1997"]
[Annotator "RC"]
[PlyCount "37"]
[EventDate "2020.08.07"]
[EventType "swiss"]
[EventCountry "SVK"]
[SourceTitle "playchess.com"]
[Source "ChessBase"]
[SourceQuality "1"]
[TimeControl "40/5400+30:1800+30"]

1. d4 g6 2. e4 Bg7 3. Nf3 d6 4. Bc4 c6 5. Nc3 Qc7 6. O-O e5 7. dxe5 dxe5 8. Be3 Nd7 9. Ng5 Nh6 10. a4 O-O 11. Qb1 Nb6 12. Bb3 Qe7 13. h3 Kh8 14. a5 Nd7 15. Qa2 Nc5 16. Qa3 b6 17. axb6 axb6 18. Qxa8 Ba6 19. Bxc5 1-0